Map: Ice and Chrome LE

Players

ShaDoWn - Winner!

  • Race: Protoss Protoss
  • Spawn Location: 1:00

Ziggy

  • Race: Terran Terran
  • League: Grandmaster
  • Spawn Location: 7:00

Event: DreamHack SC2 Masters 2020 Summer Europe

VOD

Have the link to the VOD?

Description

Time

  • Played on: June 30, 2020, 12:31 p.m.
  • Length: 10:19

All games in this series

Show
View Real Time Build Order
Export as new Build Order

ShaDoWn Protoss - Winner!

Build Orders: 1 Gate Expand, Blink Stalkers 

Get SALT Encoding   

  12  0:00  Probe  
  13  0:12  Probe  
  14  0:16  Pylon  
  14  0:24  Probe  
  15  0:33  Probe  
  15  0:36  Gateway  
  15  0:41  Probe  
  16  0:46  Assimilator  
  17  0:51  Probe  
  18  1:03  Probe  
  19  1:15  Probe  
  20  1:27  Probe  
  20  1:31  Cybernetics Core  
  21  1:39  Pylon  
  21  1:43  Nexus  
  21  1:47  Probe  
  22  1:51  Assimilator  
  22  1:57  Stalker  
  22  1:59  Probe  
  25  2:08  Warp Gate  
  25  2:11  Probe  
  25  2:23  Probe  
  25  2:27  Stalker  
  27  2:32  Probe  
  28  2:40  Probe  
  28  2:49  Probe  
  29  2:51  Probe  
  29  2:53  Twilight Council  
  31  2:59  Probe  
  31  3:01  Probe  
  33  3:09  Blink, Probe  
  34  3:13  Probe  
  34  3:21  Probe  
  34  3:22  Gateway  
  34  3:26  Probe  
  36  3:33  Probe  
  37  3:35  Robotics Facility  
  37  3:38  Probe  
  37  3:39  Shield Battery  
  38  3:45  Probe  
  38  3:50  Probe  
  39  3:57  Pylon  
  39  3:58  Stalker, Probe  
  39  4:02  Probe  
  43  4:06  Gateway  
  43  4:10  Probe  
  43  4:15  Observer  
  44  4:17  Stalker  
  44  4:19  Pylon  
  44  4:20  Probe  
  44  4:23  Stalker  
  50  4:26  Probe  
  51  4:31  Pylon  
  51  4:32  Probe  
  51  4:36  Assimilator  
  51  4:37  Observer  
  52  4:38  Probe  
  52  4:39  Assimilator  
  52  4:44  Probe  
  55  4:47  Stalker  
  55  4:52  Probe  
  58  4:57  Nexus  
  58  4:58  Pylon  
  58  5:01  Observer  
  58  5:02  Probe  
  60  5:08  Stalker  
  60  5:09  Pylon  
  62  5:15  Immortal  
  62  5:18  Stalker x2  
  69  5:32  Gateway  
  69  5:37  Stalker  
  69  5:42  Probe  
  72  5:44  Probe  
  72  5:49  Stalker  
  74  5:50  Stalker  
  74  5:56  Probe  
  75  6:00  Charge  
  75  6:03  Shield Battery  
  75  6:04  Robotics Bay  
  75  6:06  Probe  
  76  6:12  Probe  
  76  6:13  Probe  
  76  6:14  Sentry, Zealot x2  
  82  6:19  Probe  
  82  6:24  Probe  
  82  6:29  Immortal  
  82  6:30  Probe  
  82  6:31  Probe  
  84  6:36  Probe  
  85  6:40  Sentry x2  
  85  6:42  Pylon, Probe  
  85  6:43  Probe  
  95  6:47  Gateway  
  95  6:49  Gateway  
  95  6:50  Gateway  
  95  6:52  Probe  
  95  6:53  Colossus  
  96  6:54  Probe  
  99  7:18  Extended Thermal Lance, Probe  
  100  7:23  Probe x2  
  100  7:25  Pylon  
  100  7:27  Pylon  
  100  7:28  Pylon  
  100  7:29  Assimilator x2  
  102  7:30  Probe  
  102  7:31  Colossus  
  105  7:44  Observer, Shield Battery  
  103  7:51  Forge  
  109  7:52  Zealot x2  
  109  7:53  Forge, Zealot x4  
  121  8:00  Probe x3  
  121  8:03  Protoss Ground Weapons Level 1  
  124  8:11  Gateway  
  124  8:13  Pylon  
  124  8:19  Stalker  
  126  8:20  Templar Archives, Zealot x2  
  126  8:23  Colossus  
  130  8:32  Stalker x3  
  136  8:39  Zealot  
  128  8:45  Zealot x3  
  120  8:55  Zealot x3  
  95  8:58  Zealot x3  
  95  9:01  Zealot  
  89  9:09  Stalker x4  
  75  9:18  Zealot x3  
  75  9:21  Zealot  
  79  9:28  Observer  
  73  9:33  Probe  
  73  9:35  High Templar x4  
  82  9:39  Archon x2  
  82  9:49  Probe x2  
  83  9:52  Probe  
  83  9:56  Sentry  
  83  9:57  Probe x2  
  87  10:03  Pylon  
  87  10:04  Probe, Zealot  
  92  10:07  Probe  
Show
View Real Time Build Order
Export as new Build Order

Ziggy Terran 

Build Orders: Banshee Rush 

Get SALT Encoding   

  12  0:00  SCV  
  13  0:12  SCV  
  14  0:18  Supply Depot  
  14  0:24  SCV  
  15  0:40  Barracks  
  15  0:43  Refinery  
  15  0:47  Refinery  
  15  0:51  SCV  
  16  1:03  SCV  
  17  1:15  SCV  
  17  1:38  Orbital Command, Reaper  
  17  1:39  Factory  
  18  1:51  Supply Depot  
  18  2:03  SCV  
  19  2:10  Reaper  
  19  2:15  SCV  
  21  2:25  Widow Mine  
  23  2:32  SCV  
  23  2:34  Starport  
  23  2:44  SCV  
  24  2:48  Factory Tech Lab  
  24  2:56  SCV  
  25  3:00  Supply Depot  
  25  3:07  Siege Tank  
  25  3:08  SCV  
  29  3:12  Starport Tech Lab  
  29  3:22  SCV  
  30  3:27  Command Center  
  30  3:31  Cloaking Field  
  30  3:38  SCV  
  31  3:47  Banshee  
  34  3:50  SCV  
  35  4:02  SCV  
  36  4:08  Barracks  
  36  4:10  Barracks  
  36  4:12  Stimpack  
  36  4:14  SCV  
  37  4:18  Factory Reactor  
  37  4:26  SCV  
  38  4:36  Marine  
  39  4:39  Raven, Orbital Command, SCV  
  42  4:49  Engineering Bay  
  42  4:51  SCV  
  43  4:54  Marine  
  43  4:58  Barracks Tech Lab  
  43  4:59  Orbital Command  
  44  5:03  SCV  
  45  5:13  Marine x2  
  49  5:14  Marauder  
  49  5:15  Factory Reactor, SCV  
  49  5:19  Marauder  
  49  5:20  Terran Infantry Weapons Level 1  
  52  5:26  Combat Shield  
  52  5:27  SCV  
  53  5:29  SCV  
  53  5:35  Refinery  
  54  5:38  Refinery  
  54  5:49  Supply Depot  
  54  5:50  Supply Depot  
  54  5:57  Marauder  
  54  6:07  Marine, Barracks  
  54  6:08  Barracks  
  54  6:10  Marine  
  54  6:11  Marauder, SCV x2  
  58  6:18  Marine  
  56  6:20  Concussive Shells  
  56  6:23  SCV x2  
  56  6:33  Marauder  
  56  6:35  Marine x2, SCV x2  
  56  6:39  Factory Reactor, Medivac  
  62  6:42  Medivac  
  62  6:44  Marine  
  65  6:47  SCV x2  
  65  6:48  Supply Depot  
  65  6:50  Supply Depot  
  67  6:59  SCV  
  69  7:01  Marauder, Barracks Tech Lab  
  69  7:02  Marine  
  69  7:05  Supply Depot  
  70  7:08  Supply Depot  
  70  7:09  Marine  
  70  7:10  Marauder  
  70  7:11  Medivac  
  70  7:14  Medivac  
  70  7:15  Marine  
  77  7:20  Widow Mine  
  82  7:23  Marauder  
  82  7:25  Marauder  
  82  7:28  Supply Depot, Marine  
  82  7:29  Marine  
  86  7:31  Widow Mine  
  86  7:33  Marine  
  86  7:36  Marine  
  90  7:41  Medivac  
  94  7:44  Marauder  
  94  7:47  Marine  
  94  7:48  Marauder  
  97  7:52  Marauder  
  97  7:56  Marine x2  
  101  8:05  Marauder, Marine  
  103  8:09  Marine  
  105  8:12  Marine  
  105  8:13  Marine  
  105  8:14  Marine  
  108  8:23  Marine  
  103  8:40  Marine  
  103  8:41  Marauder  
  93  8:43  Marauder, Marine  
  93  8:45  Marine  
  93  8:46  Marine  
  62  8:58  Marine  
  62  9:01  Marine  
  60  9:03  Marine  
  60  9:04  Marauder  
  59  9:17  Marine, SCV  
  59  9:20  SCV  
  54  9:28  Marine  
  54  9:29  SCV  
  43  9:41  SCV  
  43  9:44  SCV  
  45  9:52  Marine x2  
  47  9:53  SCV  
  47  9:56  SCV  
  47  9:58  Marine x2  
  51  10:05  SCV  
Tags
 
Add a new tag
Caveats
  • Supply blocks, unpowered buildings, or Contaminate may cause inaccurate times.
  • Supply counts are checked every 10 seconds.